 Dungeon Crawl Stone Soup version 0.23.2-1-ga50397a (webtiles) character file.

Game seed: 12662083968146093983

1225 diana the Slasher (level 8, -2/68 HPs)
             Began as a Demigod Fighter on May 30, 2019.
             Killed from afar by Dowan (14 damage)
             ... with a shard of ice
             ... on level 5 of the Dungeon.
             The game lasted 00:06:32 (4255 turns).

diana the Slasher (Demigod Fighter)                 Turns: 4255, Time: 00:06:33

Health: -2/68      AC: 13    Str: 21    XL:     8   Next: 3%
Magic:  10/10      EV:  6    Int: 12    God:
Gold:   228        SH: 10    Dex: 22    Spells: 7/7 levels left

rFire    . . .     SeeInvis .   a - +0 long sword
rCold    . . .     Gourm    .   c - +0 shield
rNeg     + . .     Faith    .   h - +0 plate armour
rPois    .         Spirit   .   (no helmet)
rElec    .         Reflect  .   D - +0 cloak
rCorr    .         Harm     .   (no gloves)
MR       +++..     Clarity  +   (no boots)
Stlth    ..........             t - amulet of the Four Winds {rN+ MR+++ Clar}
HPRegen  0.21/turn              v - ring of stealth
MPRegen  0.12/turn              y - +5 ring of dexterity

@: starving
A: high mp 1
a: no special abilities


You were on level 5 of the Dungeon.
You were starving.

You visited 1 branch of the dungeon, and saw 5 of its levels.

You collected 228 gold pieces.

Inventory:

Hand Weapons
 a - a +0 long sword (weapon)
Armour
 b - a +0 scale mail
 c - a +0 shield (worn)
 h - a +0 plate armour (worn)
 D - a +0 cloak (worn)
Jewellery
 l - an uncursed amulet of guardian spirit
 t - the amulet of the Four Winds (around neck) {rN+ MR+++ Clar}
   (You found it on level 4 of the Dungeon)

   [amulet of nothing]

   It protects you from negative energy.
   It affects your resistance to hostile enchantments.
   It protects you against confusion.
 v - a ring of stealth (left hand)
 y - a +5 ring of dexterity (right hand)
Wands
 q - a wand of polymorph (6)
Scrolls
 e - a scroll of blinking {unknown}
 i - 4 scrolls of teleportation
 j - a scroll of noise {unknown}
 m - 2 scrolls of identify
 n - a scroll of amnesia {unknown}
 o - 2 scrolls of remove curse
 u - a scroll of fog {unknown}
 w - a scroll of immolation {unknown}
 B - a scroll of enchant weapon {unknown}
 C - a scroll of acquirement {unknown}
Potions
 d - a potion of might
 g - a potion of heal wounds
 k - a potion of flight {unknown}
 p - 3 potions of lignification
 r - a potion of curing {unknown}
 s - a potion of agility {unknown}
 x - a potion of haste {unknown}
 z - a potion of berserk rage {unknown}
 A - a potion of magic {unknown}
Comestibles
 f - 6 rations


   Skills:
 + Level 5.0 Fighting
 * Level 5.5 Long Blades
 + Level 4.9 Armour
 + Level 4.0 Dodging
 - Level 2.6 Shields


You had 7 spell levels left.
You didn't know any spells.
Your spell library contained the following spells:

 Spells                   Type           Power        Failure   Level  Hunger
 Animate Skeleton         Necr           N/A          100%        1    ##.....
 Apportation              Tloc           #.....       100%        1    ##.....
 Confusing Touch          Hex            #.....       100%        1    ##.....
 Summon Small Mammal      Summ           #...         100%        1    ##.....


Dungeon Overview and Level Annotations

Branches:
Dungeon (5/15)             Temple (0/1) D:5

Annotations:
D:5 Dowan


Innate Abilities, Weirdness & Mutations

You have an increased reservoir of magic. (+10% MP)


Message History

Duvessa says, "My weaknesses are his strengths!"
You block Dowan's attack.
You are starving!
Duvessa completely misses you.
You riposte.
You slash Duvessa!
You kill Duvessa!
Dowan seems overcome with grief, but rights himself reflexively soon after.
Dowan seems to find hidden reserves of power!
Your Fighting skill increases to level 5!
Your Dodging skill increases to level 4!
You have reached level 8!
You hit Dowan.
Dowan is severely wounded.
Dowan hits you with a +2 dagger of distortion.
Space warps horribly around you!
* * * LOW HITPOINT WARNING * * *
Dowan gestures wildly while chanting.
Dowan blinks!
Dowan points at you and mumbles some strange words.
The shard of ice hits you!
You die...

##.....## ####.## ##.....##
##.## ##.....## ##.#######
###.....#### #..#.....#
...........#### ###..#.8.8.#
..............###....'.._..+
##...............)...#.8.8.#
.#####.........ยง.###.#.....#
.# ###........@# ######### ##
##........e.# #...........#
#...........# ##..........#
####....#### ######


You could see Dowan.

Vanquished Creatures
  Pikel (D:5)
  Duvessa (D:5)
  A phantom (D:4)
  Blork the orc (D:5)
  3 scorpions
  A bullfrog skeleton (D:4)
  An orc priest (D:4)
  Terence (D:2)
  3 worker ants
  A hound skeleton (D:4)
  A worker ant zombie (D:3)
  12 adders
  An ooze (D:5)
  2 adder skeletons (D:4)
  3 worms
  3 dart slugs
  A leopard gecko (D:2)
  4 orcs
  4 giant cockroaches
  7 goblins
  3 hobgoblins
  6 jackals
  2 quokkas (D:3)
  2 ball pythons (D:1)
  9 bats
  6 frilled lizards
  8 kobolds
  10 rats
98 creatures vanquished.

Vanquished Creatures (others)
  An orc wizard (D:5)
  2 orcs (D:5)
3 creatures vanquished.

Grand Total: 101 creatures vanquished

Notes
Turn   | Place    | Note
-------+----------+-------------------------------------------
     0 | D:1      | diana the Demigod Fighter began the quest for the Orb.
     0 | D:1      | Reached XP level 1. HP: 18/18 MP: 3/3
   129 | D:1      | Reached XP level 2. HP: 25/25 MP: 4/4
   645 | D:2      | Reached skill level 1 in Dodging
   729 | D:2      | Reached XP level 3. HP: 28/31 MP: 5/5
   765 | D:2      | Noticed Terence
   778 | D:2      | Killed Terence
   931 | D:2      | Reached XP level 4. HP: 31/38 MP: 4/6
  1693 | D:3      | Found a deep blue altar of Sif Muna.
  1798 | D:3      | Reached XP level 5. HP: 41/45 MP: 7/7
  1973 | D:3      | Found a bloodstained altar of Trog.
  2042 | D:4      | Found the amulet of the Four Winds {rN+ MR+++ Clar}
  2070 | D:4      | Noticed a phantom
  2415 | D:4      | Killed a phantom
  2415 | D:4      | Reached XP level 6. HP: 33/52 MP: 8/8
  3337 | D:5      | Entered Level 5 of the Dungeon
  3402 | D:5      | Noticed Blork the orc
  3418 | D:5      | Killed Blork the orc
  3682 | D:5      | Reached XP level 7. HP: 59/59 MP: 9/9
  3742 | D:5      | Found a glowing golden altar of the Shining One.
  3748 | D:5      | Noticed Pikel
  3790 | D:5      | Killed Pikel
  3790 | D:5      | Reached skill level 5 in Long Blades
  4089 | D:5      | Found a staircase to the Ecumenical Temple.
  4232 | D:5      | Found an ornate altar of the Wu Jian Council.
  4233 | D:5      | Noticed Duvessa
  4233 | D:5      | Noticed Dowan
  4253 | D:5      | Killed Duvessa
  4253 | D:5      | Reached skill level 5 in Fighting
  4253 | D:5      | Reached XP level 8. HP: 27/68 MP: 10/10
  4255 | D:5      | Killed from afar by Dowan

Skill      XL: |  1  2  3  4  5  6  7 |
---------------+----------------------+-----
Long Blades    | 2 3 4 5 |  5.5
Fighting       | 3 4 5 |  5.0
Armour         | 3 4 |  4.9
Dodging        | 1 2 3 4 |  4.0
Shields        | |  2.6

Action                   |  1- 3 |  4- 6 |  7- 9 || total
-------------------------+-------+-------+-------++-------
Melee: Long sword        |   161 |   286 |    90 ||   537
  Use: Scroll            |       |     4 |     1 ||     5
       Potion            |       |       |     1 ||     1
  Eat: Chunk             |       |    10 |       ||    10
Armor: Scale mail        |     7 |       |       ||     7
       Plate armour      |   111 |   174 |    44 ||   329
Dodge: Dodged            |    29 |    49 |    19 ||    97
Block: Shield            |    96 |   153 |    44 ||   293
       Rpst.: Long sword |     9 |    17 |     8 ||    34
